 Dungeon Crawl Stone Soup version 0.27-a0-1137-g3ef0f4ec91 (webtiles) character file.

Game seed: 15906231932299387002

210 leviel the Shield-Bearer (level 5, -4/47 HPs)
             Began as a Minotaur Fighter on May 7, 2021.
             Slain by a gnoll
             ... wielding a +0 flail
              (10 damage)
             ... on level 2 of the Dungeon.
             The game lasted 00:02:48 (1714 turns).

leviel the Shield-Bearer (Minotaur Fighter)         Turns: 1714, Time: 00:02:49

Health: -4/47      AC:  7    Str: 20    XL:     5   Next: 56%
Magic:  4/4        EV:  7    Int:  5    God:
Gold:   73         SH:  9    Dex: 11    Spells: 4/4 levels left

rFire    . . .     SeeInvis .   a - +0 war axe
rCold    . . .     Faith    .   c - +0 kite shield
rNeg     . . .     Spirit   .   b - +0 scale mail
rPois    .         Reflect  .   (helmet restricted)
rElec    .         Harm     .   (no cloak)
rCorr    .         Rampage  .   (no gloves)
Will     .....                  (no boots)
Stlth    ..........             (no amulet)
HPRegen  0.15/turn              (no ring)
MPRegen  0.09/turn              (no ring)

@: flying
A: horns 2, retaliatory headbutt
a: no special abilities


You were on level 2 of the Dungeon.
You visited 1 branch of the dungeon, and saw 3 of its levels.

You collected 73 gold pieces.

Inventory:

Hand Weapons
 a - a +0 war axe (weapon)
Armour
 b - a +0 scale mail (worn)
 c - a +0 kite shield (worn)
Scrolls
 e - a scroll of fear {unknown}
 f - 5 scrolls of identify {unknown}
Potions
 d - a potion of might


   Skills:
 + Level 4.3 Fighting
 * Level 4.7 Axes
 + Level 4.5 Armour
 + Level 0.2 Dodging
 + Level 0.6 Stealth
 + Level 4.9 Shields


You had 4 spell levels left.
You didn't know any spells.
Your spell library contained the following spells:

 Spells                   Type           Power      Damage    Failure   Level
 Magic Dart               Conj           0%         1d3       99%         1
 Blink                    Tloc           N/A        N/A       100%        2
 Call Imp                 Summ           0%         N/A       100%        2
 Slow                     Hex            0%         N/A       100%        2
 Conjure Flame            Conj/Fire      0%         6-21      100%        3
 Mephitic Cloud           Conj/Pois/Air  0%         N/A       100%        3


Dungeon Overview and Level Annotations

Branches:
Dungeon (3/15)

Altars:


Innate Abilities, Weirdness & Mutations

You have a pair of horns on your head.
You reflexively headbutt those who attack you in melee.


Message History

You are held in a net!
You are held in a net!
Unknown command.
You are held in a net!
You struggle against the net.
The gnoll hits you with a +0 flail. The gnoll barely misses you.
You struggle against the net.
You struggle against the net.
The gnoll hits you but does no damage.
You rip the net and break free!
The gnoll hits you with a +0 whip. The gnoll hits you but does no damage.
You hit the gnoll but do no damage. You barely miss the gnoll.
You block the gnoll's attack. The gnoll barely misses you.
You barely miss the gnoll.
The gnoll is moderately wounded.
You hit the gnoll but do no damage. You block the gnoll's attack.
The gnoll hits you but does no damage.
An orc comes into view. It is wielding a +0 war axe.
The gnoll hits you with a +0 whip. The gnoll hits you with a +0 flail!
Unknown command.
The orc shouts!
You hit the gnoll.
The gnoll is moderately wounded.
You hit the gnoll. The gnoll barely misses you. You block the gnoll's attack.
You see here 9 gold pieces.
The gnoll hits you with a +0 flail!
* * * LOW HITPOINT WARNING * * *
You block the gnoll's attack.
There is a stone staircase leading up here.
The gnoll hits you with a +0 flail.
* * * LOW HITPOINT WARNING * * *
You climb upwards.
There is a stone staircase leading down here.
You block the gnoll's attack.
It was a potion of flight.
You feel very buoyant.
You fly up into the air.
You block the gnoll's attack.
You barely miss the gnoll.
The gnoll is lightly wounded.
The gnoll hits you with a +0 flail!
You die...

#.##.##.# #.....#
#.........##.. #.#..##.#
####### #.......####.#
#.#.###.# ###.<.### #.#
#.#.###.# #...# #.# #.......#
##.## #.. ###.###### ##.## ##.
#......###### ###...##### #.
#..#........######.........###.
#....#.####...@gg...[..#.......
##)###.# #######>.........###.
#.###.# #.........## #. #.....#
#.........# ## #######
##.#...#.## ## #.......# #.
###...### ## ###†########
#.......##..


You could see 2 gnolls.

Vanquished Creatures
  A necrophage (D:2)
  A scorpion (D:3)
  3 adders
  A worm (D:2)
  2 dart slugs (D:3)
  4 bats
  6 endoplasms
  2 giant cockroaches (D:2)
  A goblin (D:2)
  3 hobgoblins
  A kobold (D:1)
  2 quokkas
  2 ball pythons
  2 frilled lizards
  3 rats
34 creatures vanquished.

Notes
Turn   | Place    | Note
-------+----------+-------------------------------------------
     0 | D:1      | leviel the Minotaur Fighter began the quest for the Orb.
     0 | D:1      | Reached XP level 1. HP: 19/19 MP: 0/0
   360 | D:1      | Reached XP level 2. HP: 27/27 MP: 1/1
   774 | D:2      | Noticed a necrophage
   783 | D:2      | Killed a necrophage
   784 | D:2      | Reached XP level 3. HP: 19/33 MP: 2/2
   784 | D:2      | Reached XP level 4. HP: 23/40 MP: 3/3
  1506 | D:2      | Reached XP level 5. HP: 46/46 MP: 4/4
  1714 | D:2      | Slain by a gnoll

Illustrated notes

Levels and vault maps discovered:
D:1:      ncdulo_halloftheorcs, layout_basic
D:2:      layout_loops_cross, chequers_serial_rivers_micro_c
D:3:      layout_rooms, chequers_ecumenical_altar_grove, serial_shops, shop,
          amcnicky_mini_corridor_feature, hex_intersection

Skill      XL: |  1  2  3  4 |
---------------+-------------+-----
Shields        | 4 |  4.9
Fighting       | 4 |  4.3
Axes           | 3 4 |  4.7
Armour         | 4 |  4.5
Dodging        | |  0.2
Stealth        | |  0.6

Action                   |  1- 3 |  4- 6 || total
-------------------------+-------+-------++-------
Melee: War axe           |    41 |    64 ||   105
       Headbutt          |     3 |     8 ||    11
  Use: Potion            |       |     1 ||     1
Armor: Scale mail        |    22 |    37 ||    59
Dodge: Dodged            |    14 |    19 ||    33
Block: Kite shield       |    20 |    35 ||    55

Table legend: (Time is in decaauts)
 A = Elapsed time spent in this place.
 B = Non-inter-level travel time spent in this place.
 C = Inter-level travel time spent in this place.
 D = Time resting spent in this place.
 E = Time spent auto-exploring this place.
 F = Levels seen in this place.
 G = Mean time per level.
                   A        B        C        D        E       F      G
               +--------+--------+--------+--------+--------+-----+--------+
         Total |   1769 |   1720 |     49 |    129 |   1322 |   3 |  589.7 |
       Dungeon |   1769 |   1720 |     49 |    129 |   1322 |   3 |  589.7 |
               +--------+--------+--------+--------+--------+-----+--------+

Top non-repeatable levels by time:
     D:2: 918 daAuts
     D:1: 793 daAuts
     D:3: 57 daAuts
